 Seeded DCSS version 0.31-a0-271-gb88eb75e06 (webtiles) character file.

Game seed: 14215367866634240820 (custom seed)

2992 innerfire43 the Cruncher (level 9, -2/69 HPs)
             Began as a Demonspawn Monk on July 14, 2023.
             Was a Believer of Cheibriados.
             Slain by a yak (6 damage)
             ... on level 7 of the Dungeon.
             The game lasted 00:10:05 (5088 turns).

innerfire43 the Cruncher (Demonspawn Monk)          Turns: 5088, Time: 00:10:07

Health: -2/69      AC:  9    Str: 19    XL:     9   Next: 54%
Magic:  9/9        EV: 13    Int: 16    God:    Cheibriados [**....]
Gold:   380        SH:  4    Dex: 20    Spells: 8/8 levels left

rFire   . . .        r - +5 lajatang (vamp)
rCold   . . .        (shield currently unavailable)
rNeg    . . .        v - +4 troll leather armour {Pargi}
rPois   +            (helmet restricted)
rElec   .            (no cloak)
rCorr   +            (no gloves)
SInv    .            q - +0 pair of boots
Will    .....        (no amulet)
Stlth   +            i - ring of resist corrosion
HPRegen 1.11/turn    J - ring of poison resistance
MPRegen 0.11/turn

%: no passive effects
@: brilliant, very slow
A: horns 1, large bone plates 1, demonic guardian 2, condensation shield
a: Renounce Religion, Bend Time


You were on level 7 of the Dungeon.
You worshipped Cheibriados.
Cheibriados was pleased with you.
You visited 2 branches of the dungeon, and saw 8 of its levels.
You also visited: Sewer.

You collected 380 gold pieces.

Inventory:

Hand Weapons
 a - a +0 hand axe
 m - a +0 war axe
 r - a +5 vampiric lajatang (weapon)
Missiles
 g - 4 silver javelins (quivered)
Armour
 b - a +0 robe
 d - an orb of light
 j - a +2 helmet
 k - a +0 scale mail
 q - a +0 pair of boots (worn)
 v - a +4 troll leather armour (worn) {Pargi}
Jewellery
 i - a ring of resist corrosion (left hand)
 z - a ring of see invisible
 J - a ring of poison resistance (right hand)
Talismans
 E - a serpent talisman
Wands
 s - a wand of roots (19)
 t - a wand of polymorph (25)
 u - a wand of mindburst (19)
 B - a wand of paralysis (13)
 F - a wand of quicksilver (15)
Scrolls
 c - 2 scrolls of fog {unknown}
 e - a scroll of enchant weapon {unknown}
 o - 2 scrolls of poison
 p - a scroll of teleportation
 y - 2 scrolls of blinking {unknown}
 A - a scroll of fear {unknown}
 D - 2 scrolls of vulnerability {unknown}
 H - a scroll of summoning {unknown}
 K - 2 scrolls of identify
Potions
 f - 2 potions of curing
 h - a potion of ambrosia
 l - a potion of degeneration
 n - a potion of berserk rage
 w - a potion of brilliance
 x - a potion of lignification
 C - 2 potions of haste
 G - a potion of attraction {unknown}
 I - a potion of might {unknown}


   Skills:
 - Level 6.1 Fighting
 - Level 4.1 Axes
 * Level 10.4 Staves
 - Level 3.4 Dodging


You had 8 spell levels left.
You didn't know any spells.
Your spell library contained the following spells:

 Spells                   Type           Power      Damage    Failure   Level
 Apportation              Tloc           0%         N/A       30%         1
 Necrotise                Necr           0%         1d4       30%         1
 Sandblast                Erth           0%         2d4       30%         1
 Summon Small Mammal      Summ           0%         N/A       30%         1
 Passwall                 Tmut/Erth      0%         N/A       41%         2
 Sublimation of Blood     Necr           0%         N/A       41%         2
 Gell's Gravitas          Tloc           0%         N/A       65%         3
 Stone Arrow              Conj/Erth      0%         3d7       65%         3
 Teleport Other           Tloc           0%         N/A       65%         3
 Petrify                  Tmut/Erth      0%         N/A       96%         4
 Irradiate                Conj/Tmut      0%         3d11      100%        5
 Dispersal                Tloc           0%         N/A       100%        6


Dungeon Overview and Level Annotations

Branches:
Dungeon (7/15)             Temple (1/1) D:7           Sewer (visited)

Altars:
Cheibriados
Fedhas
Gozag
Okawaru
Qazlal
Sif Muna

Shops:
D:4 [   D:5 *   D:7 *


Innate Abilities, Weirdness & Mutations

You have a pair of small horns on your head.
You are partially covered in large bone plates. (SH +4)
A demonic guardian rushes to your aid.
A meltable shield of frost defends you. (SH +0)


Message History

The wight is almost destroyed.
Your rust devil hits the yak!
Your rust devil corrodes the yak!
The yak closely misses you. The wight misses you.
You release spores at the wight!
You destroy the wight!
Cheibriados appreciates the change of pace.
Your rust devil hits the yak.
The yak seems to be corroded for longer.
The yak gores you but does no damage.
You're too terrified to move while being watched!
You release spores at the yak.
The yak is lightly wounded.
Your rust devil hits the yak!
The yak seems to be corroded for longer.
You release spores at the yak but do no damage.
The yak is lightly wounded.
The yak gores you. The yak barely misses you. x2
Your rust devil closely misses the yak.
You release spores at the yak!
The yak appears confused.
The yak is heavily wounded.
The yak gores the yak!
The yak gores you but does no damage. The yak closely misses you.
Your rust devil barely misses the yak.
You catch the helpless yak completely off-guard!
You release spores at the yak!
The yak appears confused.
The yak is severely wounded.
You stop sporulating.
Your +5 vampiric lajatang unmelds from your body.
Your +0 pair of boots unmelds from your body.
Your +4 troll leather armour {Pargi} unmelds from your body.
You feel a sense of dread.
The yak closely misses the yak.
The yak gores you!
* * * LOW HITPOINT WARNING * * *
A demonic guardian appears!
The yak barely misses you.
You hit the yak but do no damage.
The yak is severely wounded.
Your rust devil hits the yak!
The yak seems to be corroded for longer.
The yak gores you.
* * * LOW HITPOINT WARNING * * *
The yak gores you.
You die...

####....# ....§..[#
.###### #####§#.##
.#..... #...# #..#
....... #...####'###
....... #...##.....#
....... .....#.⌠.⌠.#####
Y4.....
.....'..>..'...##Y......
.....#.⌠.⌠.###..@YY.....
.#####.....# ####Y.....>
.# ###'### )4..... .###
#...# ....... ...###
##.## ....... .....# #.#
....... ###..## #[#
....... #...###.#
###....... #.......# #..
..


You could see 5 yaks, a friendly ice devil (summoned) and a friendly rust devil
(summoned).

Vanquished Creatures
  Pikel (D:7)
  Maggie (D:7)
  A steam dragon (D:7)
  A water moccasin (D:5)
  Duvessa (D:7)
  Pargi (Sewer)
  An ice beast (D:7)
  2 sky beasts
  3 black bears
  A phantom (D:5)
  2 scorpions
  6 wights (D:7)
  Dowan (D:7)
  5 hounds
  3 iguanas
  Ijyb (D:4)
  Terence (D:3)
  An orc wizard (D:6)
  4 gnolls (D:2)
  4 adders
  2 white imps
  2 worms
  2 dart slugs
  9 orcs
  10 ball pythons
  10 endoplasms
  8 giant cockroaches
  9 goblins
  6 hobgoblins
  6 jackals (D:1)
  8 kobolds
  10 quokkas
  5 bats
  6 frilled lizards
  4 rats
138 creatures vanquished.

Vanquished Creatures (collateral kills)
  A scorpion (D:6)
  A wight (D:7)
  An orc priest (D:3)
  3 orcs
6 creatures vanquished.

Vanquished Creatures (others)
  A wight (D:7)
1 creature vanquished.

Grand Total: 145 creatures vanquished

Notes
Turn   | Place    | Note
-------+----------+-------------------------------------------
     0 | D:1      | innerfire43 the Demonspawn Monk began the quest for the
                  | Orb.
     0 | D:1      | Reached XP level 1. HP: 18/18 MP: 1/1
    57 | D:1      | Gained mutation: A weak demonic guardian rushes to your
                  | aid. [demonic ancestry]
    57 | D:1      | Reached XP level 2. HP: 12/24 MP: 2/2
   460 | D:1      | Reached XP level 3. HP: 29/29 MP: 3/3
  1431 | D:2      | Gained mutation: A demonic guardian rushes to your aid.
                  | [demonic ancestry]
  1431 | D:2      | Reached XP level 4. HP: 37/37 MP: 4/4
  1685 | D:3      | Reached XP level 5. HP: 31/42 MP: 5/5
  1994 | D:3      | Noticed Terence
  2005 | D:3      | Killed Terence
  2356 | D:4      | Identified a scroll of acquirement
  2356 | D:4      | Acquired a +5 vampiric lajatang
  2405 | D:4      | Noticed a black bear
  2417 | D:4      | Killed a black bear
  2418 | D:4      | Reached skill level 1 in Staves
  2418 | D:4      | Reached XP level 6. HP: 33/50 MP: 6/6
  2511 | D:4      | Found Junwutirr's Armour Shoppe.
  2583 | D:4      | Noticed Ijyb
  2590 | D:4      | Killed Ijyb
  2591 | D:4      | Reached skill level 2 in Staves
  2906 | D:4      | Found a glowing drain.
  2915 | D:4      | Reached skill level 5 in Fighting
  2922 | Sewer    | Entered a sewer
  2961 | Sewer    | Noticed Pargi
  2970 | Sewer    | Killed Pargi
  3054 | Sewer    | Reached skill level 3 in Staves
  3216 | D:4      | Gained mutation: A meltable shield of frost defends you.
                  | (SH +0) [demonic ancestry]
  3216 | D:4      | Reached XP level 7. HP: 56/56 MP: 7/7
  3433 | D:5      | Entered Level 5 of the Dungeon
  3455 | D:5      | Reached skill level 4 in Staves
  3736 | D:5      | Reached skill level 5 in Staves
  4113 | D:5      | Gained mutation: You are partially covered in large bone
                  | plates. (SH +4) [demonic ancestry]
  4113 | D:5      | Reached XP level 8. HP: 63/64 MP: 8/8
  4163 | D:5      | Found Ucuimn's Serpentskin Sales.
  4170 | D:5      | Reached skill level 6 in Staves
  4357 | D:6      | Identified the +1 long sword "Demon's Foe" {pain, *Slow
                  | rPois Str-4 Int+5}
  4630 | D:7      | Found Jeemya's Assorted Antiques.
  4654 | D:7      | Reached skill level 7 in Staves
  4690 | D:7      | Noticed Maggie
  4711 | D:7      | Killed Maggie
  4712 | D:7      | Reached skill level 8 in Staves
  4852 | D:7      | Gained mutation: You have a pair of small horns on your
                  | head. [demonic ancestry]
  4852 | D:7      | Reached XP level 9. HP: 69/69 MP: 9/9
  4929 | D:7      | Noticed Dowan
  4930 | D:7      | Noticed Duvessa
  4935 | D:7      | Killed Duvessa
  4941 | D:7      | Killed Dowan
  4942 | D:7      | Reached skill level 9 in Staves
  4962 | D:7      | Found a staircase to the Ecumenical Temple.
  4976 | D:7      | Noticed Pikel
  4986 | D:7      | Killed Pikel
  4996 | Temple   | Entered the Ecumenical Temple
  5027 | Temple   | Became a worshipper of Cheibriados the Contemplative
  5027 | Temple   | Reached * piety under Cheibriados
  5027 | Temple   | Reached ** piety under Cheibriados
  5072 | D:7      | Reached skill level 10 in Staves
  5088 | D:7      | Slain by a yak

Illustrated notes

Levels and vault maps discovered:
D:1:      dpeg_arrival_castle, layout_basic, serial_forest,
          infiniplex_forest_straight_2, infiniplex_forest_straight_3,
          infiniplex_forest_clump_double, infiniplex_forest_lined_1,
          infiniplex_forest_clump_small, infiniplex_forest_straight_2,
          infiniplex_forest_lined_3_way
D:2:      layout_rooms
D:3:      layout_basic, general_overflow_altar, uniq_terence
D:4:      minmay_chambers_of_fours, layout_loops_ring, gup_sewer_entry_pipe,
          serial_shops, shop, uniq_ijyb
D:5:      layout_basic, guppyfry_shop_venom
D:6:      layout_rooms
D:7:      layout_rooms, minmay_temple_entry_hall, serial_shops,
          nicolae_shop_overgrown_old_shop, uniq_pikel, uniq_maggie, uniq_duvessa
Temple:   nicolae_temple_elliptical

Skill      XL: |  1  2  3  4  5  6  7  8  9 |
---------------+----------------------------+-----
Axes           | 3 4 |  4.1
Dodging        | 3 |  3.4
Fighting       | 4 5 6 |  6.1
Staves         | 1 3 5 8 10 | 10.4

Action                     |  1- 3 |  4- 6 |  7- 9 || total
---------------------------+-------+-------+-------++-------
  Melee: Hand axe          |   120 |    43 |       ||   163
         War axe           |       |    29 |       ||    29
         Lajatang          |       |    79 |   154 ||   233
         Unarmed           |       |       |    23 ||    23
         Headbutt          |       |       |     2 ||     2
  Throw: Javelin           |     2 |     9 |       ||    11
  Evoke: Wand              |       |       |     2 ||     2
    Use: Potion            |     1 |       |     3 ||     4
         Scroll            |       |     3 |    11 ||    14
   Stab: Confused          |       |       |     1 ||     1
 Armour: Robe              |    20 |       |       ||    20
         Scale mail        |     1 |    84 |       ||    85
         Skin              |     1 |       |    10 ||    11
         Troll leather arm |       |    20 |    62 ||    82
  Dodge: Dodged            |    94 |    88 |   133 ||   315
  Block: Other             |       |       |    39 ||    39

Table legend: (Time is in decaauts)
 A = Elapsed time spent in this place.
 B = Non-inter-level travel time spent in this place.
 C = Inter-level travel time spent in this place.
 D = Time resting spent in this place.
 E = Time spent auto-exploring this place.
 F = Levels seen in this place.
 G = Mean time per level.
                   A        B        C        D        E       F      G
               +--------+--------+--------+--------+--------+-----+--------+
         Total |   5182 |   5021 |    161 |      0 |   3883 |   9 |  575.8 |
       Dungeon |   4959 |   4833 |    126 |      0 |   3772 |   7 |  708.4 |
        Temple |     65 |     30 |     35 |      0 |     21 |   1 |   65.0 |
         Sewer |    157 |    157 |      0 |      0 |     90 |   1 |  157.0 |
               +--------+--------+--------+--------+--------+-----+--------+

Top non-repeatable levels by time:
     D:4: 997 daAuts
     D:1: 992 daAuts
     D:5: 795 daAuts
     D:3: 780 daAuts
     D:2: 577 daAuts
     D:6: 413 daAuts
     D:7: 403 daAuts
   Sewer: 157 daAuts
  Temple: 65 daAuts
